 Dungeon Crawl Stone Soup version 0.31-a0-691-g409c26aa35 (webtiles) character file.

Game seed: 13072640790187956798

1547 qw the Skirmisher (level 8, -3/50 HPs)
             Began as a Gargoyle Hunter on Sept 6, 2023.
             Was a Follower of Okawaru.
             Slain by a wight
             ... wielding a +7 scimitar
              (12 damage)
             ... on level 7 of the Dungeon.
             The game lasted 00:02:52 (5427 turns).

qw the Skirmisher (Gargoyle Hunter)                 Turns: 5427, Time: 00:02:52

Health: -3/50      AC: 20    Str: 15    XL:     8   Next: 87%
Magic:  10/11      EV: 15    Int: 10    God:    Okawaru [*.....]
Gold:   318        SH:  0    Dex: 21    Spells: 7/7 levels left

rFire   . . .        Y - -3 hand cannon
rCold   + . .        (no shield)
rNeg    + . .        a - +2 ring mail {rC+}
rPois   inf          h - +2 helmet {SInv}
rElec   +            l - +0 cloak
rCorr   .            (no gloves)
SInv    +            i - +0 pair of boots
Will    .....        (no amulet)
Stlth   +++          j - +6 ring of dexterity
HPRegen 0.28/turn    (no ring)
MPRegen 0.12/turn

%: no passive effects
@: about to teleport, heroic
A: sickness immunity, AC +5, negative energy resistance 1, electricity
resistance, torment resistance 1, petrification resistance
a: Renounce Religion, Heroism


You were on level 7 of the Dungeon.
You worshipped Okawaru.
Okawaru was aware of your devotion.
You visited 2 branches of the dungeon, and saw 8 of its levels.

You collected 319 gold pieces.
You spent 1 gold pieces at shops.


Innate Abilities, Weirdness & Mutations

You are immune to sickness and miasma.
Your stone body is resilient. (AC +5)
You are immune to poison.
You resist negative energy. (rN+)
You are resistant to electric shocks. (rElec)
You are resistant to unholy torment.
You are immune to petrification.


   Skills:
 + Level 5.6(10.6) Fighting
 - Level 9.0(14.0) Ranged Weapons
 - Level 3.0(8.0) Armour
 - Level 2.4(7.4) Dodging
 - Level 1.1(6.1) Stealth
 - Level 4.0 Invocations


You had 7 spell levels left.
You didn't know any spells.
Your spell library was empty.

Inventory:

Hand Weapons
 Y - a -3 hand cannon (weapon)
Armour
 a - a +2 ring mail of cold resistance (worn)
 h - a +2 helmet of see invisible (worn)
 i - a +0 pair of boots (worn)
 l - a +0 cloak (worn)
Jewellery
 j - a +6 ring of dexterity (left hand)
Scrolls
 c - a scroll of identify
Potions
 f - a potion of degeneration {unknown}
 g - 2 potions of heal wounds
 k - 2 potions of resistance

Dungeon Overview and Level Annotations

Branches:
Dungeon (7/15)             Temple (1/1) D:5

Altars:
Ashenzari
Cheibriados
Dithmenos
Elyvilon
Fedhas
Gozag
Hepliaklqana
Kikubaaqudgha
Makhleb
Nemelex Xobeh
Okawaru
Sif Muna
Trog
Vehumet
Wu Jian
Xom
Yredelemnul
Zin
The Shining One

Shops:
D:4 =[   D:6 *

Annotations:
D:3 1 runed translucent door, Crazy Yiuf


Message History

You kill the killer bee!
Okawaru accepts your kill. The killer bee closely misses you.
The gnoll sergeant hits you but does no damage.
The killer bee misses you.
Your base Armour skill increases to level 3!
You shoot a bolt. The bolt hits the killer bee!
The killer bee is heavily wounded.
The killer bee stings you.
The killer bee stings you but does no damage.
The gnoll sergeant hits you but does no damage.
5423 ||| READING 2 scrolls of teleportation.
As you read the scroll of teleportation, it crumbles to dust.
You feel strangely unstable.
The killer bee misses you. x2; The gnoll sergeant closely misses you.
You shoot a bolt. The bolt barely misses the killer bee.
The bolt hits the hound.
The hound is moderately wounded.
The killer bee closely misses you. The killer bee misses you.
The gnoll sergeant barely misses you. The killer bee barely misses you.
The gnoll sergeant hits you but does no damage.
You shoot a bolt. The bolt hits the killer bee!
The killer bee is almost dead.
Your surroundings suddenly seem different.
A black bear, a hound, 5 wights and 4 orcs come into view.
Found a stone staircase leading down.
The orc moves out of view.
5426 |||
Found retreat position at 0,3 (floor) with 0 blocking monsters and 3 monsters attacking at destination at distance 3
5426 ||| Stepping ~*~*~tactically~*~*~ (retreating).
A jelly and 2 orcs come into view.
The orc shouts! x2
The wight hits you with a +7 scimitar.
The jelly quivers.
You hear a shout!
The hound barks!
You hear a shout! x2
5427 |||
Found retreat position at 5,-2 (floor) with 0 blocking monsters and 1 monsters attacking at destination at distance 5
5427 ||| READING scroll of teleportation.
As you read the scroll of teleportation, it crumbles to dust.
You feel strangely unstable.
The orc shouts! x2
The wight closely misses you. The wight hits you with a +7 scimitar!
You die...

. .. .#
########. ..
>..z.o. . ###.
#..#h##.# .....
#.......#
##.oo.#z.z.####
.J.o...@zz......
.o.......###.###
.........# .h
.o.####### . ..
.


You could see a hound, a jelly, 5 wights and 6 orcs.

Vanquished Creatures
  Grinder (D:6)
  Duvessa (D:5)
  An ice beast (D:5)
  Blork the orc (D:6)
  A bullfrog (D:6)
  A scorpion (D:6)
  5 wights (D:6)
  Dowan (D:5)
  A killer bee (D:7)
  4 jellies
  An orc priest (D:6)
  4 hounds
  A sleepcap (D:6)
  Ijyb (D:3)
  An iguana (D:6)
  3 orc wizards
  Robin (D:3)
  A gnoll (D:1)
  8 adders
  2 ufetubi
  A worm (D:3)
  4 dart slugs
  11 orcs
  10 ball pythons
  4 endoplasms
  A giant cockroach (D:1)
  15 goblins
  14 hobgoblins
  5 jackals
  7 quokkas
  8 bats
  2 frilled lizards (D:3)
  6 kobolds
  6 rats
134 creatures vanquished.

Notes
Turn   | Place    | Note
-------+----------+-------------------------------------------
     0 | D:1      | qw the Gargoyle Hunter began the quest for the Orb.
     0 | D:1      | Reached XP level 1. HP: 12/12 MP: 1/1
     0 | D:1      | 0 ||| qw: Version: 0.3-a-76-g4403597
     0 | D:1      | 0 ||| qw: Game counter: 38
     0 | D:1      | 0 ||| qw: Melee chars always use a shield: true
     0 | D:1      | 0 ||| qw: God list: Okawaru
     0 | D:1      | 0 ||| qw: Allow faded altars: false
     0 | D:1      | 0 ||| qw: Do Orc after clearing Dungeon:15 true
     0 | D:1      | 0 ||| qw: Do second Lair branch before Depths: true
     0 | D:1      | 0 ||| qw: Lair rune preference: random
     0 | D:1      | 0 ||| qw: Goals: Normal
     0 | D:1      | 0 ||| PLANNING D:1-11
    80 | D:1      | Reached XP level 2. HP: 17/17 MP: 2/2
   345 | D:1      | Reached XP level 3. HP: 21/21 MP: 3/3
   362 | D:1      | 362 ||| SWAPPING to +0 orcbow.
   364 | D:1      | 364 ||| DROPPING +0 shortbow.
   384 | D:1      | Reached skill level 5 in Ranged Weapons
   915 | D:1      | 915 ||| UPGRADING to +0 helmet.
   920 | D:1      | 920 ||| UPGRADING to +0 ring mail.
   930 | D:1      | 930 ||| DROPPING +0 leather armour.
   931 | D:1      | 931 ||| READING scroll labelled WOBAMY FIWEJ.
   932 | D:1      | 932 ||| READING scroll labelled SAGHUA FATZ.
  1033 | D:1      | 1033 ||| READING scroll labelled HYHURA EVOCOMUI.
  1034 | D:1      | 1034 ||| DROPPING scroll of butterflies.
  1058 | D:2      | 1058 ||| STAIRDANCE
  1068 | D:1      | Reached skill level 1 in Armour
  1079 | D:2      | 1079 ||| STAIRDANCE
  1127 | D:2      | 1127 ||| Stepping ~*~*~tactically~*~*~ (outnumbered).
  1132 | D:2      | Reached skill level 3 in Fighting
  1132 | D:2      | Reached XP level 4. HP: 23/28 MP: 4/4
  1845 | D:2      | 1845 ||| UPGRADING to +2 ring mail of cold resistance.
  1855 | D:2      | 1855 ||| DROPPING +0 ring mail.
  1856 | D:2      | 1856 ||| UPGRADING to +6 ring of dexterity.
  1857 | D:2      | 1857 ||| READING 2 scrolls labelled BUQEID FEOJ.
  1858 | D:2      | 1858 ||| READING scroll labelled ODUUSH YSISTE.
  1859 | D:2      | 1859 ||| READING scroll labelled KUHEMI RIVVIPERER.
  1860 | D:2      | 1860 ||| DRINKING 2 golden potions.
  1903 | D:2      | 1903 ||| READING 3 scrolls of identify.
  1903 | D:2      | 1903 ||| IDENTIFYING fuming coppery potion
  1904 | D:2      | 1904 ||| DROPPING scroll of fog.
  1905 | D:2      | 1905 ||| DROPPING potion of lignification.
  1947 | D:3      | Reached XP level 5. HP: 32/32 MP: 5/5
  2069 | D:3      | Noticed Ijyb
  2071 | D:3      | Paralysed by Ijyb for 4 turns
  2078 | D:3      | Killed Ijyb
  2079 | D:3      | Reached skill level 6 in Ranged Weapons
  2139 | D:3      | Found a runed translucent door.
  2140 | D:3      | Noticed Crazy Yiuf
  2331 | D:3      | Found a glowing silver altar of Zin.
  2405 | D:3      | Noticed Robin
  2410 | D:3      | Killed Robin
  2577 | D:3      | Found a faded altar of an unknown god.
  2864 | D:3      | 2864 ||| READING scroll labelled KUOKOWK EDACA.
  2865 | D:3      | 2865 ||| DRINKING 2 bubbling pink potions.
  2866 | D:3      | 2866 ||| READING 2 scrolls of identify.
  2866 | D:3      | 2866 ||| IDENTIFYING sedimented red potion
  2867 | D:3      | 2867 ||| DROPPING potion of invisibility.
  2868 | D:3      | 2868 ||| DROPPING potion of ambrosia.
  2962 | D:4      | Reached XP level 6. HP: 38/38 MP: 6/6
  3077 | D:4      | Found Ubiezoh's Jewellery Emporium.
  3084 | D:4      | 3084 ||| SHOPLISTING +6 ring of dexterity (468 gold, have
                  | 169).
  3084 | D:4      | 3084 ||| SHOPLISTING amulet of reflection (390 gold, have
                  | 169).
  3084 | D:4      | 3084 ||| SHOPLISTING amulet of regeneration (390 gold, have
                  | 169).
  3084 | D:4      | 3084 ||| SHOPLISTING amulet of the acrobat (390 gold, have
                  | 169).
  3084 | D:4      | 3084 ||| SHOPLISTING ring of ice (325 gold, have 169).
  3363 | D:4      | You fall into a shaft and drop 2 floors!
  3363 | D:6      | Found Yniuhaecvi's Lightly-Used Armoury.
  3366 | D:6      | 3366 ||| BUYING -3 hand cannon (1 gold).
  3366 | D:6      | Bought a -3 hand cannon for 1 gold piece
  3366 | D:6      | 3366 ||| SWAPPING to -3 hand cannon.
  3367 | D:6      | 3367 ||| DROPPING +0 orcbow.
  3368 | D:6      | 3368 ||| UPGRADING to +0 pair of boots.
  3373 | D:6      | 3373 ||| READING scroll labelled LEZANU MIKH.
  3376 | D:6      | 3376 ||| READING scroll labelled VIETEU YNIT.
  3406 | D:6      | 3406 ||| Stepping randomly (stuck).
  3407 | D:6      | 3407 ||| Stepping randomly (stuck).
  3408 | D:6      | 3408 ||| Stepping randomly (stuck).
  3409 | D:6      | 3409 ||| Stepping randomly (stuck).
  3410 | D:6      | 3410 ||| Stepping randomly (stuck).
  3411 | D:6      | 3411 ||| Stepping randomly (stuck).
  3412 | D:6      | 3412 ||| Stepping randomly (stuck).
  3413 | D:6      | 3413 ||| Stepping randomly (stuck).
  3414 | D:6      | 3414 ||| Stepping randomly (stuck).
  3415 | D:6      | 3415 ||| Stepping randomly (stuck).
  3416 | D:6      | 3416 ||| Stepping randomly (stuck).
  3417 | D:6      | 3417 ||| Stepping randomly (stuck).
  3418 | D:6      | 3418 ||| Stepping randomly (stuck).
  3419 | D:6      | 3419 ||| Stepping randomly (stuck).
  3420 | D:6      | 3420 ||| Stepping randomly (stuck).
  3421 | D:6      | 3421 ||| Stepping randomly (stuck).
  3422 | D:6      | 3422 ||| Stepping randomly (stuck).
  3423 | D:6      | 3423 ||| Stepping randomly (stuck).
  3424 | D:6      | 3424 ||| Stepping randomly (stuck).
  3425 | D:6      | 3425 ||| Stepping randomly (stuck).
  3426 | D:6      | 3426 ||| Stepping randomly (stuck).
  3427 | D:6      | 3427 ||| Stepping randomly (stuck).
  3428 | D:6      | 3428 ||| Stepping randomly (stuck).
  3429 | D:6      | 3429 ||| Stepping randomly (stuck).
  3430 | D:6      | 3430 ||| Stepping randomly (stuck).
  3431 | D:6      | 3431 ||| Stepping randomly (stuck).
  3432 | D:6      | 3432 ||| Stepping randomly (stuck).
  3433 | D:6      | 3433 ||| Stepping randomly (stuck).
  3434 | D:6      | 3434 ||| Stepping randomly (stuck).
  3435 | D:6      | 3435 ||| Stepping randomly (stuck).
  3436 | D:6      | 3436 ||| Stepping randomly (stuck).
  3437 | D:6      | 3437 ||| Stepping randomly (stuck).
  3438 | D:6      | 3438 ||| Stepping randomly (stuck).
  3439 | D:6      | 3439 ||| Stepping randomly (stuck).
  3440 | D:6      | 3440 ||| Stepping randomly (stuck).
  3441 | D:6      | 3441 ||| Stepping randomly (stuck).
  3442 | D:6      | 3442 ||| Stepping randomly (stuck).
  3443 | D:6      | 3443 ||| Stepping randomly (stuck).
  3444 | D:6      | 3444 ||| Stepping randomly (stuck).
  3445 | D:6      | 3445 ||| Stepping randomly (stuck).
  3446 | D:6      | 3446 ||| Stepping randomly (stuck).
  3447 | D:6      | 3447 ||| Stepping randomly (stuck).
  3448 | D:6      | 3448 ||| Stepping randomly (stuck).
  3449 | D:6      | 3449 ||| Stepping randomly (stuck).
  3450 | D:6      | 3450 ||| Stepping randomly (stuck).
  3451 | D:6      | 3451 ||| Stepping randomly (stuck).
  3452 | D:6      | 3452 ||| Stepping randomly (stuck).
  3453 | D:6      | 3453 ||| Stepping randomly (stuck).
  3454 | D:6      | 3454 ||| Stepping randomly (stuck).
  3455 | D:6      | 3455 ||| Stepping randomly (stuck).
  3456 | D:6      | 3456 ||| Stepping randomly (stuck).
  3457 | D:6      | 3457 ||| Stepping randomly (stuck).
  3458 | D:6      | 3458 ||| Stepping randomly (stuck).
  3459 | D:6      | 3459 ||| Stepping randomly (stuck).
  3460 | D:6      | 3460 ||| Stepping randomly (stuck).
  3461 | D:6      | 3461 ||| Stepping randomly (stuck).
  3462 | D:6      | 3462 ||| Stepping randomly (stuck).
  3463 | D:6      | 3463 ||| Stepping randomly (stuck).
  3464 | D:6      | 3464 ||| Stepping randomly (stuck).
  3465 | D:6      | 3465 ||| Stepping randomly (stuck).
  3466 | D:6      | 3466 ||| Stepping randomly (stuck).
  3467 | D:6      | 3467 ||| Stepping randomly (stuck).
  3468 | D:6      | 3468 ||| Stepping randomly (stuck).
  3469 | D:6      | 3469 ||| Stepping randomly (stuck).
  3470 | D:6      | 3470 ||| Stepping randomly (stuck).
  3471 | D:6      | 3471 ||| Stepping randomly (stuck).
  3472 | D:6      | 3472 ||| Stepping randomly (stuck).
  3473 | D:6      | 3473 ||| Stepping randomly (stuck).
  3474 | D:6      | 3474 ||| Stepping randomly (stuck).
  3475 | D:6      | 3475 ||| Stepping randomly (stuck).
  3476 | D:6      | 3476 ||| Stepping randomly (stuck).
  3477 | D:6      | 3477 ||| Stepping randomly (stuck).
  3478 | D:6      | 3478 ||| Stepping randomly (stuck).
  3479 | D:6      | 3479 ||| Stepping randomly (stuck).
  3480 | D:6      | 3480 ||| Stepping randomly (stuck).
  3481 | D:6      | 3481 ||| Stepping randomly (stuck).
  3482 | D:6      | 3482 ||| Stepping randomly (stuck).
  3483 | D:6      | 3483 ||| Stepping randomly (stuck).
  3484 | D:6      | 3484 ||| Stepping randomly (stuck).
  3485 | D:6      | 3485 ||| Stepping randomly (stuck).
  3486 | D:6      | 3486 ||| Stepping randomly (stuck).
  3487 | D:6      | 3487 ||| Stepping randomly (stuck).
  3488 | D:6      | 3488 ||| Stepping randomly (stuck).
  3489 | D:6      | 3489 ||| Stepping randomly (stuck).
  3490 | D:6      | 3490 ||| Stepping randomly (stuck).
  3491 | D:6      | 3491 ||| Stepping randomly (stuck).
  3492 | D:6      | 3492 ||| Stepping randomly (stuck).
  3493 | D:6      | 3493 ||| Stepping randomly (stuck).
  3494 | D:6      | 3494 ||| Stepping randomly (stuck).
  3495 | D:6      | 3495 ||| Stepping randomly (stuck).
  3496 | D:6      | 3496 ||| Stepping randomly (stuck).
  3497 | D:6      | 3497 ||| Stepping randomly (stuck).
  3498 | D:6      | 3498 ||| Stepping randomly (stuck).
  3499 | D:6      | 3499 ||| Stepping randomly (stuck).
  3500 | D:6      | 3500 ||| Stepping randomly (stuck).
  3501 | D:6      | 3501 ||| Stepping randomly (stuck).
  3502 | D:6      | 3502 ||| Stepping randomly (stuck).
  3503 | D:6      | 3503 ||| Stepping randomly (stuck).
  3504 | D:6      | 3504 ||| Stepping randomly (stuck).
  3505 | D:6      | 3505 ||| Stepping randomly (stuck).
  3506 | D:6      | 3506 ||| Stepping randomly (stuck).
  3507 | D:6      | 3507 ||| Stepping randomly (stuck).
  3508 | D:6      | 3508 ||| Stepping randomly (stuck).
  3509 | D:6      | 3509 ||| Stepping randomly (stuck).
  3510 | D:6      | 3510 ||| Stepping randomly (stuck).
  3511 | D:6      | 3511 ||| Stepping randomly (stuck).
  3512 | D:6      | 3512 ||| Stepping randomly (stuck).
  3513 | D:6      | 3513 ||| Stepping randomly (stuck).
  3514 | D:6      | 3514 ||| Stepping randomly (stuck).
  3515 | D:6      | 3515 ||| Stepping randomly (stuck).
  3516 | D:6      | 3516 ||| Stepping randomly (stuck).
  3517 | D:6      | 3517 ||| Stepping randomly (stuck).
  3518 | D:6      | 3518 ||| Stepping randomly (stuck).
  3519 | D:6      | 3519 ||| Stepping randomly (stuck).
  3520 | D:6      | 3520 ||| Stepping randomly (stuck).
  3521 | D:6      | 3521 ||| Stepping randomly (stuck).
  3522 | D:6      | 3522 ||| Stepping randomly (stuck).
  3523 | D:6      | 3523 ||| Stepping randomly (stuck).
  3524 | D:6      | 3524 ||| Stepping randomly (stuck).
  3525 | D:6      | 3525 ||| Stepping randomly (stuck).
  3526 | D:6      | 3526 ||| Stepping randomly (stuck).
  3527 | D:6      | 3527 ||| Stepping randomly (stuck).
  3528 | D:6      | 3528 ||| Stepping randomly (stuck).
  3529 | D:6      | 3529 ||| Stepping randomly (stuck).
  3530 | D:6      | 3530 ||| Stepping randomly (stuck).
  3531 | D:6      | 3531 ||| Stepping randomly (stuck).
  3533 | D:6      | 3533 ||| Stepping randomly (stuck).
  3534 | D:6      | 3534 ||| Stepping randomly (stuck).
  3535 | D:6      | 3535 ||| Stepping randomly (stuck).
  3536 | D:6      | 3536 ||| Stepping randomly (stuck).
  3537 | D:6      | 3537 ||| Stepping randomly (stuck).
  3538 | D:6      | 3538 ||| Stepping randomly (stuck).
  3539 | D:6      | 3539 ||| Stepping randomly (stuck).
  3540 | D:6      | 3540 ||| Stepping randomly (stuck).
  3541 | D:6      | 3541 ||| Stepping randomly (stuck).
  3542 | D:6      | 3542 ||| Stepping randomly (stuck).
  3543 | D:6      | 3543 ||| Stepping randomly (stuck).
  3544 | D:6      | 3544 ||| Stepping randomly (stuck).
  3545 | D:6      | 3545 ||| Stepping randomly (stuck).
  3546 | D:6      | 3546 ||| Stepping randomly (stuck).
  3547 | D:6      | 3547 ||| Stepping randomly (stuck).
  3548 | D:6      | 3548 ||| Stepping randomly (stuck).
  3549 | D:6      | 3549 ||| Stepping randomly (stuck).
  3550 | D:6      | 3550 ||| Stepping randomly (stuck).
  3551 | D:6      | 3551 ||| Stepping randomly (stuck).
  3552 | D:6      | 3552 ||| Stepping randomly (stuck).
  3553 | D:6      | 3553 ||| Stepping randomly (stuck).
  3554 | D:6      | 3554 ||| Stepping randomly (stuck).
  3555 | D:6      | 3555 ||| Stepping randomly (stuck).
  3556 | D:6      | 3556 ||| Stepping randomly (stuck).
  3557 | D:6      | 3557 ||| Stepping randomly (stuck).
  3558 | D:6      | 3558 ||| Stepping randomly (stuck).
  3559 | D:6      | 3559 ||| Stepping randomly (stuck).
  3560 | D:6      | 3560 ||| Stepping randomly (stuck).
  3561 | D:6      | 3561 ||| Stepping randomly (stuck).
  3562 | D:6      | 3562 ||| Stepping randomly (stuck).
  3563 | D:6      | 3563 ||| Stepping randomly (stuck).
  3564 | D:6      | 3564 ||| Stepping randomly (stuck).
  3565 | D:6      | 3565 ||| Stepping randomly (stuck).
  3566 | D:6      | 3566 ||| Stepping randomly (stuck).
  3567 | D:6      | 3567 ||| Stepping randomly (stuck).
  3568 | D:6      | 3568 ||| Stepping randomly (stuck).
  3569 | D:6      | 3569 ||| Stepping randomly (stuck).
  3570 | D:6      | 3570 ||| Stepping randomly (stuck).
  3571 | D:6      | 3571 ||| Stepping randomly (stuck).
  3572 | D:6      | 3572 ||| Stepping randomly (stuck).
  3573 | D:6      | 3573 ||| Stepping randomly (stuck).
  3574 | D:6      | 3574 ||| Stepping randomly (stuck).
  3575 | D:6      | 3575 ||| Stepping randomly (stuck).
  3576 | D:6      | 3576 ||| Stepping randomly (stuck).
  3577 | D:6      | 3577 ||| Stepping randomly (stuck).
  3578 | D:6      | 3578 ||| Stepping randomly (stuck).
  3579 | D:6      | 3579 ||| Stepping randomly (stuck).
  3580 | D:6      | 3580 ||| Stepping randomly (stuck).
  3581 | D:6      | 3581 ||| Stepping randomly (stuck).
  3582 | D:6      | 3582 ||| Stepping randomly (stuck).
  3583 | D:6      | 3583 ||| Stepping randomly (stuck).
  3584 | D:6      | 3584 ||| Stepping randomly (stuck).
  3593 | D:5      | Entered Level 5 of the Dungeon
  3593 | D:5      | Found a basalt altar of Yredelemnul.
  3594 | D:5      | 3594 ||| FLEEEEING.
  3597 | D:5      | Noticed Dowan
  3598 | D:5      | Noticed Duvessa
  3601 | D:5      | 3601 ||| RETREATING.
  3612 | D:5      | Killed Duvessa
  3613 | D:5      | Reached XP level 7. HP: 37/43 MP: 7/7
  3620 | D:5      | Killed Dowan
  3621 | D:5      | Reached skill level 7 in Ranged Weapons
  3634 | D:5      | 3634 ||| FLEEEEING.
  3639 | D:5      | 3639 ||| FLEEEEING.
  3640 | D:5      | 3640 ||| FLEEEEING.
  3641 | D:5      | 3641 ||| FLEEEEING.
  3643 | D:5      | 3643 ||| FLEEEEING.
  3644 | D:5      | 3644 ||| STAIRDANCE
  3768 | D:4      | Found Jena's Armour Shoppe.
  3771 | D:4      | 3771 ||| SHOPLISTING +1 pair of gloves of stealth (214
                  | gold, have 186).
  3771 | D:4      | 3771 ||| SHOPLISTING +1 ring mail of willpower (208 gold,
                  | have 186).
  4132 | D:5      | Found a staircase to the Ecumenical Temple.
  4133 | D:5      | 4133 ||| PLANNING TEMPLE
  4145 | Temple   | Found a transporter.
  4145 | Temple   | Found a transporter.
  4145 | Temple   | Found a transporter.
  4145 | Temple   | Found a transporter.
  4145 | Temple   | Entered the Ecumenical Temple
  4146 | Temple   | 4146 ||| PLANNING D:1-11
  4166 | Temple   | 4166 ||| PLANNING OKAWARU WORSHIP
  4172 | Temple   | Became a worshipper of Warmaster Okawaru
  4173 | Temple   | 4173 ||| PLANNING D:1-11
  4589 | D:5      | 4589 ||| UPGRADING to +2 helmet of see invisible.
  4599 | D:5      | 4599 ||| DROPPING +0 helmet.
  4600 | D:5      | 4600 ||| DRINKING 3 fizzy golden potions.
  4630 | D:6      | Noticed Grinder
  4634 | D:6      | 4634 ||| RETREATING.
  4637 | D:6      | Paralysed by Grinder for 3 turns
  4642 | D:6      | Reached skill level 8 in Ranged Weapons
  4643 | D:6      | Killed Grinder
  4643 | D:6      | Reached * piety under Okawaru
  4644 | D:6      | Reached XP level 8. HP: 50/50 MP: 8/8
  4707 | D:6      | Reached skill level 1 in Invocations
  4823 | D:6      | Noticed Blork the orc
  4824 | D:6      | 4824 ||| INVOKING Heroism.
  4829 | D:6      | Killed Blork the orc
  4905 | D:6      | Reached skill level 3 in Invocations
  4966 | D:6      | Reached ** piety under Okawaru
  5336 | D:6      | 5336 ||| UPGRADING to +0 cloak.
  5341 | D:6      | 5341 ||| DROPPING +6 ring of intelligence.
  5342 | D:6      | 5342 ||| READING scroll labelled EHOEKEGOTY.
  5343 | D:6      | 5343 ||| DRINKING 2 blue potions.
  5344 | D:6      | 5344 ||| READING 3 scrolls of identify.
  5344 | D:6      | 5344 ||| IDENTIFYING yellow potion
  5345 | D:6      | 5345 ||| READING 2 scrolls of identify.
  5345 | D:6      | 5345 ||| IDENTIFYING emerald potion
  5346 | D:6      | 5346 ||| DROPPING potion of brilliance.
  5347 | D:6      | 5347 ||| DROPPING potion of attraction.
  5376 | D:7      | 5376 ||| STAIRDANCE
  5378 | D:6      | 5378 ||| INVOKING Heroism.
  5380 | D:6      | 5380 ||| DRINKING potion of curing.
  5380 | D:6      | 5380 ||| (to cure confusion)
  5390 | D:6      | Reached skill level 9 in Ranged Weapons
  5414 | D:7      | 5414 ||| Stepping ~*~*~tactically~*~*~ (retreating).
  5415 | D:7      | 5415 ||| Stepping ~*~*~tactically~*~*~ (retreating).
  5416 | D:7      | 5416 ||| Stepping ~*~*~tactically~*~*~ (retreating).
  5417 | D:7      | 5417 ||| Stepping ~*~*~tactically~*~*~ (retreating).
  5418 | D:7      | 5418 ||| Stepping ~*~*~tactically~*~*~ (retreating).
  5420 | D:7      | 5420 ||| INVOKING Heroism.
  5422 | D:7      | Reached skill level 3 in Armour
  5422 | D:7      | HP: 12/50 [killer bee (1)]
  5423 | D:7      | 5423 ||| READING 2 scrolls of teleportation.
  5426 | D:7      | 5426 ||| Stepping ~*~*~tactically~*~*~ (retreating).
  5427 | D:7      | 5427 ||| READING scroll of teleportation.
  5427 | D:7      | Slain by a wight

Levels and vault maps discovered:
D:1:      erik_arrival_orb_chamber, layout_basic, minivault_4
D:2:      minmay_general_purpose_star, layout_loops_cross
D:3:      layout_loops_corners, lemuel_round_altar,
          hellmonk_ecumenical_altar_heavens_door, uniq_crazy_yiuf_cottage,
          uniq_ijyb, uniq_robin
D:4:      layout_basic, serial_shops, shop, nicolae_shop_real_fake_doors,
          minmay_goblin_outpost
D:5:      layout_basic, amcnicky_altar_gilded, minmay_temple_entry_junction_2,
          uniq_duvessa
D:6:      layout_loops_ring, minmay_shop_damaged, uniq_grinder,
          uniq_blork_the_orc
D:7:      layout_basic, mainiacjoe_overflow_alcove_1,
          mainiacjoe_overflow_boulevard, minmay_crystal_water
Temple:   hellmonk_temple_divided_pantheon

Skill      XL: |  1  2  3  4  5  6  7  8 |
---------------+-------------------------+-----
Ranged Weapons | 5 6 8 9 |  9.0
Armour         | 1 2 3 |  3.0
Fighting       | 3 4 5 |  5.6
Dodging        | 2 |  2.4
Invocations    | 4 |  4.0
Stealth        | |  1.1

Action                     |  1- 3 |  4- 6 |  7- 9 || total
---------------------------+-------+-------+-------++-------
   Fire: Shortbow          |    49 |       |       ||    49
         Orcbow            |    54 |   155 |       ||   209
         Hand cannon       |       |    14 |   123 ||   137
 Invoke: Heroism           |       |       |     3 ||     3
    Use: Scroll            |     3 |     8 |     5 ||    16
         Potion            |       |     2 |     3 ||     5
 Armour: Leather armour    |    17 |       |       ||    17
         Ring mail         |    18 |    54 |    85 ||   157
  Dodge: Dodged            |    27 |    54 |    65 ||   146

Table legend:
 A = Non-vault XP
 B = Vault XP
 C = Vault XP percentage of total XP
 D = Non-vault monster count
 E = Vault monster count
 F = Vault count percentage of total count
                 A         B        C        D         E       F
            +---------+---------+-------+---------+---------+-------
      Total |    1566 |     644 |  29.1 |     113 |      21 |  15.7
            +---------+---------+-------+---------+---------+-------
        D:1 |      77 |       0 |   0.0 |      29 |       0 |   0.0
        D:2 |      82 |       5 |   5.7 |      19 |       3 |  13.6
        D:3 |      59 |      65 |  52.4 |      20 |       9 |  31.0
        D:4 |      83 |      10 |  10.8 |      10 |       5 |  33.3
        D:5 |     389 |     211 |  35.2 |      17 |       2 |  10.5
        D:6 |     812 |     353 |  30.3 |      16 |       2 |  11.1
        D:7 |      64 |       0 |   0.0 |       2 |       0 |   0.0
            +---------+---------+-------+---------+---------+-------
